 Dungeon Crawl Stone Soup version 0.27.0-1-g7a089689b8 (webtiles) character file.

Game seed: 14295980449734140273

105 iamserjio the Skirmisher (level 4, -4/34 HPs)
             Began as an Octopode Chaos Knight on July 31, 2021.
             Was a Plaything of Xom.
             Slain by an adder (5 damage)
             ... on level 2 of the Dungeon.
             The game lasted 00:04:15 (2604 turns).

iamserjio the Skirmisher (Octopode Chaos Knight)    Turns: 2604, Time: 00:04:16

Health: -4/34      AC:  1    Str: 13      XL:     4   Next: 81%
Magic:  4/4        EV: 13    Int: 14      God:    Xom [.*....]
Gold:   42         SH:  0    Dex:  6 (10) Spells: 3/3 levels left

rFire    . . .     SeeInvis .   a - +0 falchion (chaos)
rCold    . . .     Faith    .   (no shield)
rNeg     . . .     Spirit   .   (helmet restricted)
rPois    .         Reflect  .   (no amulet)
rElec    .         Harm     .   (no ring)
rCorr    .         Rampage  .   (no ring)
Will     .....                  (no ring)
Stlth    ++........             (no ring)
HPRegen  0.11/turn              (no ring)
MPRegen  0.09/turn              (no ring)
                                (no ring)
                                (no ring)

@: lethally poisoned (-4 -> -10)
A: almost no armour, amphibious, 8 rings, camouflage 1, gelatinous body 1,
(nimble swimmer 1), tentacles, tentacle spike 1, clumsy 1, sense surroundings 1,
strong 1
a: Renounce Religion


You were on level 2 of the Dungeon.
You worshipped Xom.
You were a plaything of Xom.
You visited 1 branch of the dungeon, and saw 3 of its levels.

You collected 42 gold pieces.

Inventory:

Hand Weapons
 a - a +0 falchion of chaos (weapon)
 b - a +0 spear
 d - a +1 mace of protection
Missiles
 f - 9 stones (quivered)
Jewellery
 h - a +4 ring of protection
Scrolls
 e - a scroll of vulnerability {unknown}
Potions
 c - a potion of attraction


   Skills:
 * Level 4.6 Fighting
 - Level 3.0 Long Blades
 + Level 3.3 Dodging
 * Level 1.0 Stealth


You had 3 spell levels left.
You didn't know any spells.
Your spell library was empty.

Dungeon Overview and Level Annotations

Branches:
Dungeon (3/15)

Altars:
Sif Muna

Annotations:
D:2 exclusion: 2 adders


Innate Abilities, Weirdness & Mutations

You cannot wear most types of armour.
You are amphibious.
You can wear up to eight rings at the same time.
Your skin changes colour to match your surroundings (Stealth+).
Your rubbery body absorbs attacks. (AC +1, EV +1)
((You are camouflaged near water. (Stealth+)))
You have tentacles for arms and can constrict up to eight enemies at once.
One of your tentacles bears a spike.
You are clumsy. (Dex -2)
You passively map a small area around you.
Your muscles are strong. (Str +2)


Message History

You hit the worm. You freeze the worm.
You kill the worm!
The adder bites you.
Your Stealth skill increases to level 1!
You barely miss the adder. Your grab misses the adder.
The adder bites you but does no damage.
You miss the adder. Your grab misses the adder. The adder barely misses you.
You riposte.
You hit the adder but do no damage. Your grab misses the adder.
The adder bites you.
You hit the adder but do no damage.
The adder resists with some effort.
Your grab misses the adder. The adder bites you.
You barely miss the adder. Your grab misses the adder. The adder bites you.
You are poisoned.
The adder poisons you! The adder bites you.
You are lethally poisoned!
The adder poisons you!
You hit the adder but do no damage.
The adder seems to grow stronger.
Your grab misses the adder.
* * * LOW HITPOINT WARNING * * *
You feel very sick. The adder closely misses you.
You riposte.
You hit the adder. You burn the adder. Your grab misses the adder.
Really quaff the potion of mutation?
You feel extremely strange.
You feel agile.
Your thinking seems confused.
One of your lower tentacles grows a sharp spike.
You feel a strange attunement to the structure of the dungeons.
You feel stronger.
* * * LOW HITPOINT WARNING * * *
You feel sick. The adder bites you.
* * * LOW HITPOINT WARNING * * *
The adder closely misses you.
You riposte.
You miss the adder. Your grab misses the adder. You closely miss the adder.
Your grab misses the adder.
You pierce the adder, but do no damage.
* * * LOW HITPOINT WARNING * * *
You feel sick. "Time to have some fun!" The adder bites you.
You die...

####.#### #.### ####.#
#.# #...# #+# #.# ###.#
* , , ##.# #.# , ##..#
##.## ** ,
##...###########...####,
.................5....+
#....###########..5####
, #.#.## #..@....# * ,
#.### #####5##S##.# * *
#.# #........##.# ,* #.#
#.###.##.##.# #+# #.##
#.# #....##.######.#
#..# #.#
#>##...........# ##.#
#.###.......### #..##
#.# #.........###
##...## #.#
#####.###S######.....###


You could see a quasit (summoned), a crimson imp (summoned), an adder (strong)
and an ufetubus (summoned).

Vanquished Creatures
  Natasha (twice) (D:2)
  An adder (D:3)
  3 worms (D:2)
  A dart slug (D:2)
  6 bats
  3 endoplasms (D:1)
  2 giant cockroaches (D:1)
  3 goblins
  3 hobgoblins
  3 kobolds (D:2)
  A ball python (D:2)
  5 frilled lizards
  5 rats
38 creatures vanquished.

Notes
Turn   | Place    | Note
-------+----------+-------------------------------------------
     0 | D:1      | iamserjio the Octopode Chaos Knight began the quest for the
                  | Orb.
     0 | D:1      | Reached XP level 1. HP: 16/16 MP: 1/1
    37 | D:1      | XOM: silly message
    87 | D:1      | XOM: summons 1 hostile demon
   130 | D:1      | Reached XP level 2. HP: 21/21 MP: 2/2
   479 | D:1      | XOM: summons 2 hostile demons
   480 | D:1      | Noticed a crimson imp
   480 | D:1      | Noticed a crimson imp
   485 | D:2      | XOM: stealth player
   485 | D:2      | Noticed Natasha
   649 | D:1      | You fall into a shaft and drop 1 floor!
  1204 | D:2      | Reached XP level 3. HP: 14/27 MP: 3/3
  1596 | D:2      | Found a faded altar of an unknown god.
  1678 | D:2      | XOM: silly message
  1785 | D:2      | Reached skill level 4 in Fighting
  1867 | D:2      | Killed Natasha
  1868 | D:2      | Reached XP level 4. HP: 26/34 MP: 4/4
  1941 | D:2      | Noticed Natasha
  1945 | D:2      | Killed Natasha
  2020 | D:2      | XOM: summons 3 hostile demons
  2026 | D:2      | Gained mutation: You are clumsy. (Dex -2) [potion of
                  | mutation]
  2026 | D:2      | Gained mutation: You are very clumsy. (Dex -4) [potion of
                  | mutation]
  2026 | D:2      | Gained mutation: You possess an exceptional clarity of
                  | mind. [potion of mutation]
  2038 | D:2      | XOM: smoke on damage
  2046 | D:2      | XOM: 2-stop teleportation journey
  2091 | D:3      | XOM: 1-stop teleportation journey
  2297 | D:2      | Found a shimmering blue altar of Sif Muna.
  2598 | D:2      | Reached skill level 1 in Stealth
  2603 | D:2      | Lost mutation: You are very clumsy. (Dex -4) [potion of
                  | mutation]
  2603 | D:2      | Lost mutation: You possess an exceptional clarity of mind.
                  | [potion of mutation]
  2603 | D:2      | Gained mutation: One of your tentacles bears a spike.
                  | [potion of mutation]
  2603 | D:2      | Gained mutation: You passively map a small area around you.
                  | [potion of mutation]
  2603 | D:2      | Gained mutation: Your muscles are strong. (Str +2) [potion
                  | of mutation]
  2604 | D:2      | HP: 1/34 [poisoned by an adder]
  2604 | D:2      | XOM: summons 3 hostile demons
  2604 | D:2      | Slain by an adder

Illustrated notes

Levels and vault maps discovered:
D:1:      mrwooster_arrival_statue, layout_basic
D:2:      layout_loops_corners, basic_altar, basic_ecumenical_altar,
          uniq_natasha
D:3:      layout_loops_ring, grunt_decor_fettered

Skill      XL: |  1  2  3  4 |
---------------+-------------+-----
Fighting       | 4 |  4.6
Dodging        | 3 |  3.3
Stealth        | 1 |  1.0
Long Blades    | |  3.0

Action                   |  1- 3 |  4- 6 || total
-------------------------+-------+-------++-------
Melee: Falchion          |    66 |    23 ||    89
       Constrict         |    15 |     7 ||    22
       Tentacles         |    11 |     3 ||    14
       Kick              |       |     1 ||     1
Throw: Stone             |     1 |       ||     1
  Use: Potion            |       |     4 ||     4
       Scroll            |       |     1 ||     1
 Stab: Sleeping          |     7 |     1 ||     8
       Paralysed         |     2 |       ||     2
Armor: Skin              |     4 |     4 ||     8
Dodge: Dodged            |    39 |    33 ||    72
       Rpst.: Falchion   |    12 |    11 ||    23
